 Dungeon Crawl Stone Soup version 0.16.1-11-g651b585 (webtiles) character file.

11955 Shoikan the Fighter (level 11, -4/106 (108) HPs)
             Began as a Minotaur Berserker on Apr 3, 2015.
             Was the Champion of Trog.
             Slain by an unseen horror (7 damage)
             ... on level 11 of the Dungeon.
             The game lasted 01:46:20 (13834 turns).

Shoikan the Fighter (Minotaur Berserker)           Turns: 13834, Time: 01:46:21

HP:   -4/106 (108)  AC: 19    Str: 23    XL:     11   Next: 56%
MP:   0/1           EV:  9    Int:  7    God:    Trog [******]
Gold: 120           SH:  4    Dex:  9    Spells: 0 memorised, 10 levels left

rFire  . . .     SeeInvis .     U - +1 mace (antimagic)
rCold  . . .     Clarity  .     p - +0 chain mail
rNeg   . . .     SustAb   .     L - +0 buckler
rPois  .         Gourm    .     H - +2 hat
rElec  .         Spirit   +     B - +0 cloak
rCorr  .         Warding  .     b - +1 pair of gloves
rMut   .         Stasis   .     y - +0 pair of boots
MR     .....                    G - amulet of guardian spirit
Stlth  ..........               (no ring)
                                (no ring)

@: very slightly contaminated, invisible, not resistant to hostile enchantments,
extremely unstealthy
A: retaliatory headbutt, horns 2
a: Burn Spellbooks, Berserk, Trog's Hand, Brothers in Arms, Renounce Religion


You were on level 11 of the Dungeon.
You worshipped Trog.
Trog was exalted by your worship.
You were hungry.

You visited 2 branches of the dungeon, and saw 13 of its levels.
You also visited: Sewer.

You collected 488 gold pieces.
You spent 368 gold pieces at shops.

Inventory:

Hand weapons
 a - a +0 flail
 q - a +2 whip of holy wrath
 A - a +4 quarterstaff of chaos
 M - a +1 antimagic great mace
 R - a +3 greatsling of velocity
 U - a +1 antimagic mace (weapon)
Armour
 b - a +1 pair of gloves (worn)
 p - a +0 chain mail (worn)
 y - a +0 pair of boots (worn)
 B - a +0 cloak (worn)
 H - a +2 hat (worn)
 I - a +0 plate armour
 J - a +0 ring mail of fire resistance
 L - a +0 buckler (worn)
Jewellery
 h - an uncursed amulet of stasis
 G - an amulet of guardian spirit (around neck)
 X - an uncursed amulet of resist mutation
Magical devices
 d - a wand of polymorph (19)
 N - a wand of polymorph (0)
 O - a wand of digging (8)
 S - a wand of lightning (3)
Scrolls
 g - a scroll of fear
 i - 12 scrolls of remove curse
 m - 3 scrolls of enchant weapon
 o - 3 scrolls of enchant armour
 r - 2 scrolls of recharging
 s - 5 scrolls of fog
 x - 8 scrolls of teleportation
 D - 2 scrolls of blinking
 F - a scroll of amnesia {unknown}
Potions
 e - 2 potions of heal wounds
 f - 2 potions of restore abilities
 j - a potion of cancellation
 n - 2 potions of might
 t - a potion of agility
 u - 2 potions of ambrosia
 v - 4 potions of flight
 z - 2 potions of berserk rage
 K - a potion of haste
 P - a potion of lignification
 W - a potion of poison {unknown}
Comestibles
 c - 6 bread rations
 k - a royal jelly
 l - 2 slices of pizza
 C - 11 meat rations
 E - 17 fruits
 V - a beef jerky


   Skills:
 * Level 13.8 Fighting
 + Level 12.5 Maces & Flails
 + Level 11.7 Armour
 - Level 2.1 Dodging
 - Level 3.2 Shields


You had 10 spell levels left.
You didn't know any spells.

Dungeon Overview and Level Annotations

Branches:
Dungeon (12/15)            Temple (1/1) D:5
   Lair: D:8-11         Orc: D:9-12

Altars:
Ashenzari
Cheibriados
Dithmenos
Elyvilon
Fedhas
Gozag
Kikubaaqudgha
Makhleb
Nemelex Xobeh
Okawaru
Qazlal
Ru
Sif Muna
Trog
Vehumet
Xom
Yredelemnul
Zin
The Shining One
Lugonu

Shops:
D:4 ?   D:5 *   D:11 *


Innate Abilities, Weirdness & Mutations

You reflexively headbutt those who attack you in melee.
You have a pair of horns on your head.


Message History

* * * LOW HITPOINT WARNING * * *
You climb upwards.
There is a stone staircase leading down here.
Drink which item? (? for menu, Esc to quit)
You fade into invisibility!
Something hits you but does no damage.
You are very lightly contaminated with residual magic.
Something hits you.
* * * LOW HITPOINT WARNING * * *
Something hits you but does no damage. Something hits you but does no damage.
The gargoyle hurls a stone arrow at something.
The stone arrow hits something.
Something hits you but does no damage. Something hits you but does no damage.
Something hits you!
* * * LOW HITPOINT WARNING * * *
Something hits you.
* * * LOW HITPOINT WARNING * * *
Something hits you!
You die...

#########...###....###...##......
#...# #....# #...##...... #...#
#....# #...##...... #...# #....#
#...##...... #...# #....#
#...##...... #...# #....#
#...##...... ######...# #....#
#...##......
....?.....###....###...##......
..............@................
............(..................
.......................##(.....
..............####....##......
............9.# #....##......
..............# #....##......
...........>.# #....##......
............# #....##......
############ #############


You could see a gargoyle.

Vanquished Creatures
  Gastronok (D:9)
  2 hill giants (D:10)
  An ugly thing (D:11)
  A komodo dragon (D:11)
  3 trolls
  A two-headed ogre (D:11)
  Grinder (D:3)
  A merfolk (D:10)
  2 wyverns
  3 hippogriffs
  Eustachio (D:8)
  4 yaks (D:10)
  A mottled dragon (D:11)
  A soldier ant (D:11)
  4 ice beasts
  A water moccasin (D:10)
  6 ogres
  3 black bears
  A necrophage (D:9)
  2 orc warriors
  3 centaurs
  A crocodile (D:11)
  5 phantoms
  Duvessa (D:4)
  7 giant frogs
  5 big kobolds
  Blork the orc (D:4)
  A water moccasin skeleton (D:9)
  2 scorpions
  2 troll zombies (D:11)
  An electric eel (D:6)
  3 wights (D:7)
  3 centaur zombies
  3 giant frog zombies
  Dowan (D:4)
  8 crimson imps
  A goliath beetle (D:6)
  3 jellies
  11 orc priests
  2 centaur skeletons
  14 orc wizards
  Crazy Yiuf (D:3)
  5 iguanas
  7 hounds
  7 worker ants
  5 ogre zombies (D:11)
  Ijyb (D:6)
  Jessica (D:3)
  4 hound skeletons
  Terence (D:3)
  A worker ant zombie (D:9)
  3 gnolls (D:5)
  13 adders
  2 river rats (D:6)
  4 giant mites
  5 shadow imps
  4 worms
  7 giant geckos
  4 oozes
  55 orcs
  A bat skeleton (D:4)
  19 hobgoblins
  11 jackals
  46 kobolds
  4 quokkas
  7 ball pythons
  28 bats
  3 giant cockroaches
  2 giant gecko skeletons
  6 giant newts
  13 goblins
  3 goblin zombies (D:11)
  6 hobgoblin zombies (D:11)
  4 orc skeletons (D:11)
  9 orc zombies (D:11)
  2 quokka zombies
  9 rats
  3 ballistomycetes (D:8)
  A fungus (D:4)
425 creatures vanquished.

Vanquished Creatures (others)
  A bat (D:8)
  2 giant spores
3 creatures vanquished.

Grand Total: 428 creatures vanquished

Notes
Turn   | Place    | Note
--------------------------------------------------------------
     0 | D:1      | Shoikan, the Minotaur Berserker, began the quest for the Orb.
     0 | D:1      | Reached XP level 1. HP: 19/19 MP: 1/1
   209 | D:1      | Reached skill level 4 in Maces & Flails
   438 | D:1      | Reached XP level 2. HP: 24/26 MP: 1/1
   563 | D:1      | Acquired Trog's second power
   863 | D:1      | Reached skill level 5 in Maces & Flails
   910 | D:2      | Reached XP level 3. HP: 31/31 MP: 2/2
  1247 | D:2      | Reached XP level 4. HP: 16/39 MP: 2/2
  1254 | D:2      | Reached skill level 6 in Maces & Flails
  1908 | D:3      | Noticed Grinder
  1911 | D:3      | Noticed Terence
  1929 | D:3      | Killed Terence
  1938 | D:3      | Killed Grinder
  1938 | D:3      | Reached skill level 8 in Maces & Flails
  1938 | D:3      | Reached XP level 5. HP: 43/45 MP: 2/2
  1938 | D:3      | Reached XP level 6. HP: 48/51 MP: 3/3
  1972 | D:3      | Noticed Jessica
  1977 | D:3      | Killed Jessica
  2125 | D:3      | Found an opulent altar of Gozag.
  2370 | D:3      | Found a deep blue altar of Sif Muna.
  2648 | D:3      | Noticed Crazy Yiuf
  2653 | D:3      | Killed Crazy Yiuf
  2653 | D:3      | Reached skill level 9 in Maces & Flails
  2722 | D:4      | Found Luahub's Magic Scroll Shop.
  2742 | D:4      | Bought a scroll of identify for 22 gold pieces
  2742 | D:4      | Bought a scroll of remove curse for 33 gold pieces
  2742 | D:4      | Bought a scroll of blinking for 82 gold pieces
  2746 | D:4      | Found a blossoming altar of Fedhas.
  2819 | D:4      | Acquired Trog's third power
  2819 | D:4      | Reached XP level 7. HP: 46/57 MP: 3/3
  2893 | D:4      | Noticed Duvessa
  2894 | D:4      | Noticed Dowan
  2905 | D:4      | Killed Duvessa
  2920 | D:4      | Killed Dowan
  2920 | D:4      | Reached skill level 10 in Maces & Flails
  3383 | D:4      | Reached skill level 5 in Fighting
  3396 | D:4      | Noticed Blork the orc
  3406 | D:4      | Killed Blork the orc
  3788 | D:5      | Entered Level 5 of the Dungeon
  3788 | D:5      | Found an opulent altar of Gozag.
  3861 | D:5      | Found a sacrificial altar of Ru.
  3910 | D:5      | Reached skill level 5 in Armour
  3910 | D:5      | Reached XP level 8. HP: 60/70 MP: 3/3
  4010 | D:5      | Found a staircase to the Ecumenical Temple.
  4049 | Temple   | Entered the Ecumenical Temple
  4468 | D:5      | Found an iron altar of Okawaru.
  4534 | D:5      | Found Wuluh's Assorted Antiques.
  4544 | D:5      | Bought a scroll of identify for 70 gold pieces
  4808 | D:6      | Found a stormy altar of Qazlal.
  4995 | D:6      | Found a glowing drain.
  5053 | Sewer    | Entered a sewer
  5284 | Sewer    | Reached XP level 9. HP: 82/82 MP: 4/4
  5622 | D:6      | Noticed Ijyb
  5636 | D:6      | Killed Ijyb
  6496 | D:7      | Received a gift from Trog
  6509 | D:7      | Reached skill level 1 in Shields
  6761 | D:7      | Found a snail-covered altar of Cheibriados.
  6953 | D:7      | Found a bloodstained altar of Trog.
  7732 | D:8      | Reached skill level 10 in Fighting
  7896 | D:8      | Received a gift from Trog
  7910 | D:8      | Found a basalt altar of Yredelemnul.
  8090 | D:8      | Noticed Eustachio
  8256 | D:8      | Killed Eustachio
  8389 | D:8      | Reached XP level 10. HP: 88/94 MP: 0/4
  8676 | D:9      | Found a shimmering altar of Xom.
  8962 | D:9      | Noticed Gastronok
  9319 | D:9      | Killed Gastronok
  9319 | D:9      | Reached skill level 11 in Fighting
  9319 | D:9      | Reached skill level 10 in Armour
  9935 | D:9      | Received a gift from Trog
 10022 | D:9      | Found a shimmering altar of Xom.
 10022 | D:9      | Found a shimmering altar of Xom.
 10109 | D:9      | Reached skill level 12 in Fighting
 10571 | D:9      | Found a white marble altar of Elyvilon.
 10672 | D:9      | Found a shadowy altar of Dithmenos.
 10694 | D:10     | Entered Level 10 of the Dungeon
 10731 | D:10     | Noticed a hill giant
 10748 | D:10     | Killed a hill giant
 11457 | D:10     | Reached XP level 11. HP: 75/102 MP: 1/4
 12180 | D:10     | Noticed a hill giant
 12190 | D:10     | Killed a hill giant
 12276 | D:11     | Found Mafetieh's General Store.
 12317 | D:11     | Reached skill level 13 in Fighting
 12347 | D:11     | Bought a scroll of identify for 28 gold pieces
 12347 | D:11     | Bought a scroll of enchant armour for 105 gold pieces
 12347 | D:11     | Bought a scroll of identify for 28 gold pieces
 12470 | D:11     | Received a gift from Trog
 13833 | D:11     | HP: 3/106 [something (5)]
 13834 | D:11     | Slain by an unseen horror

Action                   |  1- 3 |  4- 6 |  7- 9 | 10-12 || total
-------------------------+-------+-------+-------+-------++-------
Melee: Mace              |    67 |     7 |       |   457 ||   531
       Whip              |       |    60 |       |       ||    60
       Flail             |       |    63 |   438 |       ||   501
       Great mace        |       |       |   111 |    98 ||   209
       Unarmed           |       |       |    46 |       ||    46
Invok: Trog's Hand       |       |     1 |     2 |     1 ||     4
       Burn Spellbooks   |       |       |       |     2 ||     2
       Berserk           |       |       |       |     1 ||     1
  Use: Scroll            |       |     8 |    10 |    10 ||    28
       Potion            |       |       |       |     5 ||     5
  Eat: Chunk             |       |     6 |    18 |    18 ||    42
       Fruit             |       |       |       |     1 ||     1
